 Dungeon Crawl Stone Soup version 0.19-a0-1608-g4cf22de (webtiles) character file.

15285 4thArraOfDagon the Grappler (level 11, 0/102 HPs)
             Began as a Troll Monk on Sept 17, 2016.
             Was a High Priest of Makhleb.
             Slain by an orc knight
             ... wielding a +0 broad axe
              (29 damage)
             ... on level 2 of the Orcish Mines.
             The game lasted 00:22:55 (4488 turns).

4thArraOfDagon the Grappler (Troll Monk)            Turns: 4488, Time: 00:22:56

Health: 0/102      AC: 10    Str: 21    XL:     11   Next: 99%
Magic:  14/14      EV: 12    Int:  7    God:    Makhleb [*****.]
Gold:   406        SH:  0    Dex: 12    Spells: 3 memorised, 6 levels left

rFire  . . .     SeeInvis .       - Unarmed
rCold  + . .     Gourm    +     i - +2 robe {rC+}
rNeg   . . .     Faith    .     (no shield)
rPois  .         Spirit   .     D - +2 hat
rElec  .         Dismiss  .     r - +0 cloak
rCorr  .         Reflect  .     (gloves unavailable)
MR     .....     Harm     .     (boots unavailable)
Stlth  ++........ Rnd*Rage +    (no amulet)
                                (no ring)
                                (no ring)

@: no status effects
A: unfitting armour, claws 3, berserk 1, deterioration 1, dopey 1, fast
metabolism 3, gourmand, regeneration 1, shaggy fur 1, tough skin 2
a: Minor Destruction, Lesser Servant of Makhleb, Major Destruction, Greater
Servant of Makhleb, Renounce Religion


You were on level 2 of the Orcish Mines.
You worshipped Makhleb.
Makhleb was extremely pleased with you.
You were very full.

You visited 2 branches of the dungeon, and saw 16 of its levels.
You also visited: Sewer.

You collected 826 gold pieces.
You spent 420 gold pieces at shops.

Inventory:

Hand Weapons
 a - a -2 giant spiked club
Missiles
 t - 3 throwing nets (quivered)
Armour
 i - a +2 robe of cold resistance (worn)
 k - a +1 robe of cold resistance
 r - a +0 cloak (worn)
 s - a troll hide
 D - a +2 hat (worn)
Wands
 p - a wand of digging (10/24)
 v - a wand of random effects (18/48)
 w - a wand of lightning (11/15)
 y - a wand of flame (31/48)
 C - a wand of lightning (10/15)
 E - a wand of iceblast (6/15)
Scrolls
 h - 2 scrolls of amnesia
 j - 3 scrolls of immolation
 l - a scroll of noise
 q - a scroll of vulnerability
 u - a scroll of enchant weapon
 x - 2 scrolls of random uselessness
 A - 3 scrolls of recharging
Potions
 c - a potion of degeneration
 e - a potion of might
 f - a potion of agility
 g - a potion of curing
 m - a potion of flight
 n - a potion of haste
 z - a potion of brilliance {unknown}
 F - a potion of magic
Books
 B - a book of the Earth

   Spells                             Type                      Level
   a - Leda's Liquefaction            Hexes/Earth                  4
   b - Bolt of Magma                  Conjuration/Fire/Earth       5
   c - Statue Form                    Transmutation/Earth          6
   d - Iron Shot                      Conjuration/Earth            6
   e - Shatter                        Earth                        9
Comestibles
 b - 9 bread rations
 d - 6 meat rations
 o - 2 beef jerkies


   Skills:
 - Level 5.0 Fighting
 - Level 5.0 Dodging
 - Level 1.1 Stealth
 - Level 13.0 Unarmed Combat
 + Level 3.1 Spellcasting
 * Level 5.0 Transmutations
 * Level 6.0 Earth Magic
 - Level 6.0 Invocations


You had 6 spell levels left.
You knew the following spells:

 Your Spells              Type           Power        Failure   Level  Hunger
a - Repel Missiles        Chrm/Air       #.....       61%         2    ###....
b - Swiftness             Chrm/Air       #.......     61%         2    ###....
c - Statue Form           Tmut/Erth      #........    100%        6    #######


Dungeon Overview and Level Annotations

Branches:
Dungeon (14/15)            Temple (0/1) D:4            Lair (0/6) D:11
    Orc (2/2) D:11
    Elf: Orc:2       Vaults: D:13-14

Altars:
Makhleb
Nemelex Xobeh

Shops:
D:13 }


Innate Abilities, Weirdness & Mutations

You are too large for most types of armour.
You have claws for hands.
Your metabolism is lightning-fast.
You like to eat raw meat.
Your natural rate of healing is unusually fast.
You are covered in fur. (AC +1)
You have very tough skin. (AC +2)
You tend to lose your temper in combat.
Your body sometimes deteriorates upon taking damage.
You are dopey. (Int -2)


Message History

Your smoke demon hits the orc knight but does no damage. x2
The orc knight hits your smoke demon with a broad axe!!
The orc knight hits you with a broad axe.
* * * LOW HITPOINT WARNING * * *
Unknown command.
Unknown command.
Unknown command.
You scratch the orc knight but do no damage.
The orc knight is severely wounded.
Your smoke demon gestures at the orc knight.
The orc knight is smitten.
Unknown command.
Unknown command.
Unknown command.
Unknown command.
Unknown command.
You claw the orc knight! Your claw misses the orc knight.
The orc knight is almost dead.
The orc knight hits you with a broad axe!!
You die...

.... ##..## ...
##....##..... ##
......#..#..
##.###......(....
##...#.#.#........
#.................
#.......†........
##....))@........
##...)(#o#.#....
#....).<3......#
#.....).......#..
##.....†...........
#.......%..........
#..................
#.....#.#.#..........
##....##..#...........


You could see an orc knight and a friendly smoke demon.

Vanquished Creatures
  Josephine (D:10)
  Erolcha (D:10)
  A centaur warrior (D:13)
  4 hill giants
  Pikel (D:6)
  Joseph (D:10)
  A centaur zombie (D:14)
  2 trolls
  Grinder (D:6)
  4 meliai (D:13)
  2 two-headed ogres
  2 hippogriffs
  A wyvern (D:10)
  6 yaks
  4 wraiths
  6 wargs
  10 orc warriors
  3 sky beasts
  A slave (D:6)
  3 ice beasts
  2 phantoms
  3 ogres
  3 centaurs
  A crocodile (D:10)
  A gnoll sergeant (D:9)
  A wyvern zombie (D:10)
  5 bullfrogs
  A scorpion (D:5)
  5 howler monkeys
  2 wights (D:11)
  5 crimson imps
  2 quasits
  4 hounds
  A jelly (D:14)
  7 orc wizards
  A bullfrog skeleton (D:12)
  3 orc priests
  Jessica (D:3)
  2 iguanas
  7 worker ants
  Terence (D:2)
  A hound zombie (D:6)
  A worker ant zombie (D:6)
  7 gnolls
  13 adders
  A river rat (D:3)
  2 shadow imps
  An adder skeleton (D:5)
  2 worms
  6 leopard geckos
  40 orcs
  6 giant cockroaches
  A goblin (D:4)
  8 hobgoblins
  3 jackals (D:1)
  4 quokkas
  A frilled lizard (D:2)
  6 kobolds
  2 quokka skeletons
  5 rats
223 creatures vanquished.

Vanquished Creatures (collateral kills)
  A centaur warrior (D:13)
  A skeletal warrior (D:13)
  A hill giant (D:11)
  Maurice (D:13)
  A meliai (D:13)
  2 yaks (D:11)
  An orc warrior (D:11)
  A bullfrog (D:11)
  2 wights (D:11)
  An orc priest (D:11)
  An orc (D:11)
13 creatures vanquished.

Vanquished Creatures (others)
  A slave (D:6)
  A ball python (D:6)
2 creatures vanquished.

Grand Total: 238 creatures vanquished

Notes
Turn   | Place    | Note
-------+----------+-------------------------------------------
     0 | D:1      | 4thArraOfDagon the Troll Monk began the quest for the Orb.
     0 | D:1      | Reached XP level 1. HP: 22/22 MP: 0/0
    79 | D:1      | Reached XP level 2. HP: 29/29 MP: 1/1
   121 | D:2      | Reached skill level 4 in Unarmed Combat
   127 | D:2      | Reached XP level 3. HP: 30/36 MP: 2/2
   166 | D:2      | Noticed Terence
   183 | D:2      | Killed Terence
   192 | D:2      | Found a burning altar of Makhleb.
   214 | D:2      | Reached XP level 4. HP: 38/44 MP: 3/3
   241 | D:2      | Became a worshipper of Makhleb the Destroyer
   241 | D:2      | Reached * piety under Makhleb
   241 | D:2      | Reached ** piety under Makhleb
   250 | D:2      | Reached skill level 5 in Unarmed Combat
   320 | D:3      | Found a sparkling altar of Nemelex Xobeh.
   320 | D:3      | Noticed Jessica
   325 | D:3      | Killed Jessica
   423 | D:3      | You fall through a shaft for 3 floors!
   431 | D:6      | Reached XP level 5. HP: 50/50 MP: 4/4
   443 | D:6      | 4thArraOfDagon: take two!
   484 | D:6      | Reached skill level 6 in Unarmed Combat
   506 | D:5      | Entered Level 5 of the Dungeon
   634 | D:4      | Found a staircase to the Ecumenical Temple.
   774 | D:3      | Found a glowing drain.
   778 | Sewer    | Entered a sewer
   942 | D:4      | Reached skill level 1 in Invocations
   942 | D:4      | Reached XP level 6. HP: 31/59 MP: 5/5
   990 | D:4      | Reached skill level 7 in Unarmed Combat
  1063 | D:5      | Reached XP level 7. HP: 43/66 MP: 7/7
  1107 | D:6      | Noticed Grinder
  1107 | D:6      | Paralysed by Grinder for 2 turns
  1112 | D:6      | Noticed Pikel
  1119 | D:6      | Paralysed by Grinder for 4 turns
  1126 | D:6      | Killed Grinder
  1126 | D:6      | Reached skill level 8 in Unarmed Combat
  1133 | D:6      | Reached *** piety under Makhleb
  1153 | D:6      | Killed Pikel
  1153 | D:6      | Reached skill level 9 in Unarmed Combat
  1153 | D:6      | Reached XP level 8. HP: 50/74 MP: 8/10
  1323 | D:7      | Reached skill level 10 in Unarmed Combat
  1329 | D:7      | Gained mutation: You are clumsy. (Dex -2) [mutagenic meat]
  1332 | D:7      | Lost mutation: You are clumsy. (Dex -2) [mutagenic meat]
  1335 | D:7      | Gained mutation: Your spells are a little easier to cast, but a little less powerful. [mutagenic meat]
  1338 | D:7      | Gained mutation: You are occasionally teleported next to monsters. [mutagenic meat]
  1529 | D:9      | Reached skill level 5 in Invocations
  1644 | D:9      | Reached XP level 9. HP: 80/80 MP: 11/11
  1734 | D:9      | Noticed a troll
  1747 | D:9      | Killed a troll
  1826 | D:10     | Entered Level 10 of the Dungeon
  1838 | D:10     | Noticed a hill giant
  1846 | D:10     | Killed a hill giant
  1846 | D:10     | Reached skill level 11 in Unarmed Combat
  1940 | D:9      | Reached **** piety under Makhleb
  2036 | D:10     | Noticed Joseph
  2059 | D:10     | Killed Joseph
  2095 | D:10     | Learned a level 2 spell: Repel Missiles
  2098 | D:10     | Learned a level 2 spell: Swiftness
  2143 | D:10     | Noticed Erolcha
  2157 | D:10     | Killed Erolcha
  2157 | D:10     | Reached skill level 12 in Unarmed Combat
  2157 | D:10     | Reached XP level 10. HP: 65/91 MP: 13/13
  2306 | D:11     | Noticed a hill giant
  2312 | D:11     | Killed a hill giant
  2318 | D:11     | Found a staircase to the Lair.
  2374 | D:11     | Noticed a hill giant
  2387 | D:11     | Killed a hill giant
  2481 | D:11     | Reached skill level 13 in Unarmed Combat
  2512 | D:11     | Noticed a hill giant
  2528 | D:11     | Killed a hill giant
  2528 | D:11     | Reached skill level 5 in Fighting
  2528 | D:11     | Reached skill level 5 in Dodging
  2576 | D:11     | Reached skill level 1 in Spellcasting
  2584 | D:11     | Learned a level 6 spell: Statue Form
  2691 | D:12     | Reached skill level 1 in Earth Magic
  2732 | D:12     | Noticed a four-headed hydra
  2846 | D:12     | Reached skill level 1 in Transmutations
  2889 | D:12     | Reached XP level 11. HP: 102/102 MP: 14/14
  2902 | D:12     | Lost mutation: Your spells are a little easier to cast, but a little less powerful. [potion of cure mutation]
  2902 | D:12     | Lost mutation: You are occasionally teleported next to monsters. [potion of cure mutation]
  2930 | D:13     | Noticed a hill giant
  2941 | D:13     | Killed a hill giant
  3092 | D:13     | Noticed a centaur warrior
  3107 | D:13     | Killed a centaur warrior
  3192 | D:13     | Found Hagg's Gadget Shoppe.
  3195 | D:13     | Bought a wand of digging (10/24) for 420 gold pieces
  3201 | D:13     | Noticed a centaur warrior
  3207 | D:13     | Noticed Maurice
  3212 | D:13     | Killed a centaur warrior
  3215 | D:13     | Killed Maurice
  3226 | D:13     | Gained mutation: You are robust. (+10% HP) [mutagenic meat]
  3229 | D:13     | Lost mutation: You are robust. (+10% HP) [mutagenic meat]
  3232 | D:13     | Gained mutation: You are dopey. (Int -2) [mutagenic meat]
  3235 | D:13     | Gained mutation: Your body sometimes deteriorates upon taking damage. [mutagenic meat]
  3238 | D:13     | Gained mutation: You tend to lose your temper in combat. [mutagenic meat]
  3239 | D:13     | :(
  3495 | D:13     | Noticed a hill giant
  3499 | D:13     | Noticed a purple ugly thing
  3545 | D:13     | Noticed a skeletal warrior
  3580 | D:13     | Killed a skeletal warrior
  3945 | D:10     | Reached skill level 5 in Earth Magic
  3946 | D:10     | Noticed Josephine
  3959 | D:10     | Killed Josephine
  4167 | D:11     | Found a staircase to the Orcish Mines.
  4181 | Orc:1    | Entered Level 1 of the Orcish Mines
  4361 | Orc:1    | Reached ***** piety under Makhleb
  4381 | Orc:2    | Entered Level 2 of the Orcish Mines
  4445 | Orc:2    | Noticed an orc knight
  4478 | Orc:2    | Reached skill level 5 in Transmutations
  4488 | Orc:2    | Slain by an orc knight

Vault maps used:
D:1:      dpeg_arrival_ratfight
D:2:      bloody_makhleb, uniq_terence
D:3:      gup_sewer_entry_spiral, first_bread, nemelex_lonely_heart_becter,
          uniq_sigmund
D:4:      corexii_shack_village
D:5:      corexii_shantytown, grunt_ministairs_8
D:6:      hangedman_cross_stitches, minmay_holes, uniq_grinder,
          uniq_crazy_yiuf_cottage, uniq_pikel
D:7:      serial_shops, shop
D:8:      blue_anna_alchemist, dk_vineyard_1
D:9:      uniq_grum
D:10:     uniq_josephine, uniq_erolcha, uniq_joseph
D:11:     erik_lair_orcish_takeover, david_orc_4
D:13:     serial_shops, kennysheep_mini, roderic_serpentine_path, uniq_maurice
D:14:     evilmike_iron_armoury, david_vaults_5, grunt_decor_clamped,
          serial_shops, nicolae_shop_behind_doors
Orc:1:    special_room
Orc:2:    st_orc_town, lab_entry_generic, uniq_saint_roka
Sewer:    sewer_fruit_machine

Skill      XL: |  1  2  3  4  5  6  7  8  9 10 11 |
---------------+----------------------------------+-----
Unarmed Combat | 4 5 6 7 9 10 12 13 | 13.0
Invocations    | 1 2 4 5 6 |  6.0
Fighting       | 3 5 |  5.0
Dodging        | 3 5 |  5.0
Spellcasting   | 1 3 |  3.1
Earth Magic    | 1 6 |  6.0
Transmutations | 1 5 |  5.0
Stealth        | |  1.1

Action                   |  1- 3 |  4- 6 |  7- 9 | 10-12 || total
-------------------------+-------+-------+-------+-------++-------
Melee: Unarmed           |    44 |   171 |   180 |   429 ||   824
       Punch             |       |     6 |    10 |    24 ||    40
       Glaive            |       |       |       |     5 ||     5
Throw: Throwing net      |       |       |     3 |     4 ||     7
Invok: Lesser Servant of |       |       |       |    16 ||    16
  Use: Potion            |       |     2 |     4 |     5 ||    11
       Scroll            |       |       |     9 |    11 ||    20
 Stab: Sleeping          |       |     3 |       |       ||     3
       Held in net/web   |       |       |     1 |     1 ||     2
       Distracted        |       |       |       |     4 ||     4
  Eat: Chunk             |       |    15 |    13 |    30 ||    58
Armor: Robe              |    13 |    52 |    35 |   101 ||   201
       Skin              |       |       |     1 |       ||     1
Dodge: Dodged            |    11 |   100 |    80 |   212 ||   403
